 Dungeon Crawl Stone Soup version 0.26-a0-850-g97a50ab700 (webtiles) character file.

Game seed: 4841314501855398253

431 dickylongcocking the Stinger (level 6, -9/41 HPs)
             Began as a Demonspawn Venom Mage on Nov 21, 2020.
             Was a Follower of Makhleb.
             Mangled by a two-headed ogre
             ... wielding a +0 giant club
              (14 damage)
             ... on level 4 of the Dungeon.
             The game lasted 00:03:35 (4152 turns).

dickylongcocking the Stinger (DsVM)                 Turns: 4152, Time: 00:03:36

Health: -9/41      AC:  6    Str:  9    XL:     6   Next: 66%
Magic:  0/9        EV: 12    Int: 18    God:    Makhleb [*.....]
Gold:   124        SH:  0    Dex: 13    Spells: 4/9 levels left

rFire    . . .     SeeInvis .   e - +3 scythe (vamp)
rCold    . . .     Faith    .   (shield currently unavailable)
rNeg     . . .     Spirit   +   a - +0 robe
rPois    .         Reflect  .   (no helmet)
rElec    .         Harm     .   m - +0 cloak
rCorr    .         Rampage  .   (no gloves)
MR       .....                  f - +0 pair of boots
Stlth    +++.......             (no amulet)
HPRegen  0.13/turn              (no ring)
MPRegen  0.11/turn              (no ring)

@: no status effects
A: molten scales 1, camouflage 1, foul stench 1, evolution 1, magic shield, rot
immunity, subdued magic 1
a: Renounce Religion


You were on level 4 of the Dungeon.
You worshipped Makhleb.
Makhleb was aware of your devotion.
You visited 1 branch of the dungeon, and saw 4 of its levels.

You collected 124 gold pieces.

Inventory:

Hand Weapons
 c - a +0 short sword
 e - a +3 vampiric scythe (weapon)
 i - a +2 dagger of venom
Armour
 a - a +0 robe (worn)
 f - a +0 pair of boots (worn)
 m - a +0 cloak (worn)
Wands
 o - a wand of flame (10)
Scrolls
 b - 2 scrolls of teleportation {unknown}
 d - 4 scrolls of remove curse {unknown}
 g - a scroll of fog {unknown}
 h - 8 scrolls of identify {unknown}
 j - 2 scrolls of blinking {unknown}
 k - a scroll of immolation {unknown}
 r - a scroll of enchant weapon {unknown}
Potions
 l - a potion of mutation
 p - a potion of attraction {unknown}
 q - a potion of ambrosia {unknown}
 s - a potion of brilliance


   Skills:
 - Level 1.8 Dodging
 - Level 1.7 Stealth
 - Level 2.1 Spellcasting
 - Level 1.0 Transmutations
 * Level 7.5 Poison Magic


You had 4 spell levels left.
You knew the following spells:

 Your Spells              Type           Power        Failure   Level
a - Sting                 Tmut/Pois      ##..         2%          1
b - Olgreb's Toxic Radia  Pois           ###.....     7%          4

Your spell library contained the following spells:

 Spells                   Type           Power        Failure   Level
 Poisonous Vapours        Pois/Air       ##....       4%          2
 Ignite Poison            Fire/Tmut/Pois #.......     14%         3
 Mephitic Cloud           Conj/Pois/Air  #.......     16%         3


Dungeon Overview and Level Annotations

Branches:
Dungeon (4/15)
 Temple: D:4-7

Altars:
Cheibriados
Makhleb


Innate Abilities, Weirdness & Mutations

You are partially covered in molten scales. (AC +2)
You may emit foul miasma when damaged in melee.
When hurt, damage is shared between your health and your magic reserves.
You are immune to rotting.
Your skin changes colour to match your surroundings (Stealth+).
You evolve.
Your spells are a little easier to cast, but a little less powerful.


Message History

It was a potion of heal wounds.
You feel much better. The iguana bites you.
The iguana looks sick.
The two-headed ogre completely misses you.
The two-headed ogre hits you with a +0 giant club!
* * * LOW HITPOINT WARNING * * *
The two-headed ogre looks sick.
You feel much better. The iguana closely misses you.
The two-headed ogre hits you with a +0 giant club!
The two-headed ogre closely misses you.
Okay, then.
Okay, then.
It was a potion of mutation.
You feel extremely strange.
Your skin functions as natural camouflage.
Your connection to magic feels subdued.
You feel nature experimenting on you.
Don't worry, failures die fast.
The iguana misses you.
The two-headed ogre hits you with a +0 giant club!
* * * LOW HITPOINT WARNING * * *
The two-headed ogre hits you with a +0 giant club!
You die...

...... ....) ....
...#### ..... >.. #l#
#@# #O# ##.## #...# #.#
#...# ######.#### #...#
...#......# #...#
##.#.#.##.#####...#####
##.#.#..#..?.....).....#


You could see a two-headed ogre (very poisoned, sick) and an iguana (sick).

Vanquished Creatures
  Sigmund (D:2)
  2 hounds
  A bullfrog skeleton (D:3)
  Ijyb (D:3)
  A worker ant (D:4)
  Robin (D:3)
  A gnoll (D:1)
  3 adders
  3 oozes
  3 worms
  3 leopard geckos
  2 orcs (D:4)
  2 ball pythons
  8 bats
  2 giant cockroaches (D:1)
  10 hobgoblins
  2 jackals (D:3)
  6 kobolds
  4 quokkas
  2 frilled lizards (D:1)
  17 goblins
  5 rats
80 creatures vanquished.

Notes
Turn   | Place    | Note
-------+----------+-------------------------------------------
     0 | D:1      | dickylongcocking the Demonspawn Venom Mage began the quest
                  | for the Orb.
     0 | D:1      | Reached XP level 1. HP: 13/13 MP: 3/3
   136 | D:1      | Reached skill level 1 in Transmutations
   296 | D:1      | Gained mutation: When hurt, damage is shared between your
                  | health and your magic reserves. [demonic ancestry]
   296 | D:1      | Reached XP level 2. HP: 19/19 MP: 5/5
   653 | D:1      | Reached skill level 4 in Poison Magic
   653 | D:1      | Gained mutation: You are partially covered in molten
                  | scales. (AC +2) [demonic ancestry]
   653 | D:1      | Reached XP level 3. HP: 24/24 MP: 4/6
  1498 | D:2      | Found a snail-covered altar of Cheibriados.
  1706 | D:2      | Gained mutation: You are immune to rotting. [demonic
                  | ancestry]
  1706 | D:2      | Reached XP level 4. HP: 27/30 MP: 4/7
  2146 | D:2      | Noticed Sigmund
  2165 | D:2      | Killed Sigmund
  2166 | D:2      | Reached skill level 6 in Poison Magic
  2166 | D:2      | Reached XP level 5. HP: 9/35 MP: 0/8
  2599 | D:3      | Found a burning altar of Makhleb.
  2606 | D:3      | Gained mutation: You may emit foul miasma when damaged in
                  | melee. [demonic ancestry]
  2606 | D:3      | Reached XP level 6. HP: 40/41 MP: 7/9
  2610 | D:3      | Became a worshipper of Makhleb the Destroyer
  2727 | D:3      | Noticed Ijyb
  2737 | D:3      | Killed Ijyb
  2847 | D:3      | Reached skill level 7 in Poison Magic
  2897 | D:3      | Noticed Robin
  3106 | D:3      | Killed Robin
  3109 | D:3      | Reached * piety under Makhleb
  4036 | D:4      | Noticed a two-headed ogre
  4073 | D:3      | Learned a level 4 spell: Olgreb's Toxic Radiance
  4152 | D:4      | Gained mutation: Your skin changes colour to match your
                  | surroundings (Stealth+). [potion of mutation]
  4152 | D:4      | Gained mutation: Your spells are a little easier to cast,
                  | but a little less powerful. [potion of mutation]
  4152 | D:4      | Gained mutation: You evolve. [potion of mutation]
  4152 | D:4      | Mangled by a two-headed ogre

Illustrated notes

Levels and vault maps discovered:
D:1:      dpeg_arrival_tiny_h, layout_loops_cross,
          chequers_serial_rivers_micro_b, minivault_19, minivault_11
D:2:      layout_basic, cheibriados_altar_2, uniq_sigmund
D:3:      layout_loops_corners, kennysheep_small_spiral,
          makhleb_heckhound_becter, uniq_robin, uniq_ijyb
D:4:      layout_loops_cross, gammafunk_temple_overflow_elements,
          gup_sewer_entry_bowl

Skill      XL: |  1  2  3  4  5  6 |
---------------+-------------------+-----
Transmutations | 1 |  1.0
Poison Magic   | 4 6 7 |  7.5
Dodging        | |  1.8
Stealth        | |  1.7
Spellcasting   | |  2.1

Action                   |  1- 3 |  4- 6 || total
-------------------------+-------+-------++-------
Melee: Short sword       |    55 |       ||    55
       Dagger            |    20 |    28 ||    48
       Scythe            |       |    85 ||    85
 Cast: Sting             |    44 |    13 ||    57
       Olgreb's Toxic Ra |       |     3 ||     3
  Use: Potion            |       |     6 ||     6
 Stab: Sleeping          |     4 |     9 ||    13
       Distracted        |     1 |     1 ||     2
Armor: Robe              |    49 |    59 ||   108
Dodge: Dodged            |    95 |   104 ||   199

Table legend: (Time is in decaauts)
 A = Elapsed time spent in this place.
 B = Non-inter-level travel time spent in this place.
 C = Inter-level travel time spent in this place.
 D = Time resting spent in this place.
 E = Time spent auto-exploring this place.
 F = Levels seen in this place.
 G = Mean time per level.
                   A        B        C        D        E       F      G
               +--------+--------+--------+--------+--------+-----+--------+
         Total |   4244 |   4159 |     85 |    375 |   3048 |   4 | 1061.0 |
       Dungeon |   4244 |   4159 |     85 |    375 |   3048 |   4 | 1061.0 |
               +--------+--------+--------+--------+--------+-----+--------+

Top non-repeatable levels by time:
     D:1: 1324 daAuts
     D:2: 1287 daAuts
     D:3: 1265 daAuts
     D:4: 366 daAuts
